 Dungeon Crawl Stone Soup version 0.30-a0-52-g86a8295270 (console) character file.

Game seed: 15995019596593769037

872 capslocke the Insei (level 7, -3/49 HPs)
             Began as a Vampire Transmuter on Sept 7, 2022.
             Slain by Menkaure (20 damage)
             ... on level 5 of the Dungeon.
             The game lasted 00:13:52 (3815 turns).

capslocke the Insei (Vampire Transmuter)            Turns: 3815, Time: 00:13:52

Health: -3/49      AC:  3    Str: 11    XL:     7   Next: 74%
Magic:  11/12      EV: 13    Int: 15    God:
Gold:   133        SH:  4    Dex: 15    Spells: 10/13 levels left

rFire   . . .      SeeInvis +      - Unarmed
rCold   . . .      Faith    .    i - +0 buckler
rNeg    + . .      Spirit   .    a - +0 robe
rPois   +          Reflect  .    (helmet currently unavailable)
rElec   .          Harm     .    t - +0 cloak
rCorr   .          Rampage  .    (no gloves)
Will    .....                    (boots currently unavailable)
Stlth   ++........               (no amulet)
HPRegen 0.36/turn                e - ring of poison resistance
MPRegen 0.13/turn                p - ring of positive energy

@: appendages, wereblooded, healing quickly
A: horns 2, talons 2, alive, fangs 3, see invisible, vampiric 2
a: Exsanguinate, End Transformation


You were on level 5 of the Dungeon.
You had temporarily grown beastly horns and talons.
You visited 1 branch of the dungeon, and saw 5 of its levels.

You collected 133 gold pieces.

Inventory:

Hand Weapons
 x - a +1 hand axe of flaming
Missiles
 u - 3 boomerangs
Armour
 a - a +0 robe (worn)
 i - a +0 buckler (worn)
 j - a +1 helmet (melded)
 t - a +0 cloak (worn)
Jewellery
 e - a ring of poison resistance (left hand)
 p - a ring of positive energy (right hand)
Wands
 v - a wand of roots (5)
Scrolls
 c - 2 scrolls of immolation {unknown}
 d - 2 scrolls of poison {unknown}
 g - a scroll of noise {unknown}
 m - 2 scrolls of amnesia {unknown}
 n - 4 scrolls of teleportation {unknown}
 q - 10 scrolls of identify {unknown}
 s - a scroll of vulnerability {unknown}
 y - a scroll of enchant weapon {unknown}
Potions
 b - a potion of lignification
 f - a potion of ambrosia {unknown}
 h - 3 potions of invisibility {unknown}
 k - 5 potions of curing
 l - 3 potions of flight {unknown}
 o - a potion of heal wounds {unknown}
 r - a potion of brilliance {unknown}
 w - a potion of mutation {unknown}
 z - 2 potions of resistance


   Skills:
 + Level 1.7 Fighting
 + Level 3.8 Dodging
 + Level 3.4 Stealth
 + Level 1.3 Shields
 + Level 6.7 Unarmed Combat
 + Level 3.6 Spellcasting
 + Level 4.6 Transmutations
 + Level 0.3 Evocations


You had 10 spell levels left.
You knew the following spells:

 Your Spells              Type           Power      Damage    Failure   Level
a - Beastly Appendage     Tmut           32%        N/A       3%          1
b - Wereblood             Tmut           16%        N/A       5%          2

Your spell library contained the following spells:

 Spells                   Type           Power      Damage    Failure   Level
 Apportation              Tloc           4%         N/A       26%         1
 Necrotise                Necr           8%         1d4       26%         1
 Spider Form              Tmut/Pois      9%         N/A       28%         3
 Vampiric Draining        Necr           2%         2d6       58%         3
 Ice Form                 Ice/Tmut       9%         N/A       67%         4
 Alistair's Intoxication  Tmut/Pois      6%         N/A       95%         5
 Agony                    Necr           2%         N/A       100%        5


Dungeon Overview and Level Annotations

Branches:
Dungeon (5/15)
 Temple: D:4-7

Altars:
Dithmenos
Gozag
Yredelemnul

Shops:
D:3 *   D:4 *

Annotations:
D:5 Menkaure, Pikel


Innate Abilities, Weirdness & Mutations

You have temporarily grown beastly horns and talons.
Your natural rate of healing is accelerated.
You have razor-sharp teeth.
You have supernaturally acute eyesight. (SInv)
You are afflicted with vampirism and can become a bat while bloodless.


Message History

Your +1 helmet melds into your body.
The water moccasin hisses angrily.
Casting: Beastly Appendage (safe; 4% risk of failure)
Confirm with . or Enter, or press ? or * to list all spells.
Your blood is infused with primal strength.
The water moccasin closely misses you.
You punch the water moccasin! Your kick misses the water moccasin.
Your bite misses the water moccasin.
The water moccasin is moderately wounded.
The water moccasin bites you but does no damage.
You miss the water moccasin. Your kick misses the water moccasin.
The water moccasin is moderately wounded.
The water moccasin bites you but does no damage.
The water moccasin completely misses you.
You closely miss the water moccasin. Your kick misses the water moccasin.
You headbutt the water moccasin! You bite the water moccasin.
The water moccasin is severely wounded.
The water moccasin bites you!
You hit the water moccasin. Your kick misses the water moccasin.
The water moccasin is almost dead.
The water moccasin closely misses you.
You hit the water moccasin.
You feel a bit better.
You kill the water moccasin!
You howl as the wereblood boils in your veins!
Menkaure shouts!
Menkaure gestures wildly while chanting.
Menkaure seems to speed up.
You hit Menkaure. Your kick misses Menkaure. You headbutt Menkaure.
Menkaure is moderately damaged.
Menkaure barely misses you.
You punch Menkaure!
Menkaure is severely damaged.
Menkaure hits you!
You closely miss Menkaure. You bite Menkaure.
Menkaure is almost destroyed.
Menkaure hits you!!
You barely miss Menkaure. Your kick misses Menkaure. You bite Menkaure.
Menkaure is almost destroyed.
Menkaure hits you!!
You die...

##+## #...##
... .....## ##
... ....†<# ##.
#.#
.......####..
#.# .......+
.... #.#
.......# #..
##.## ......##
#.##..M#
.....## #...@.#
#...## #.#...#
##+## #.#####
#.# #.#
#.##########.#
##............#
#...###########
...[.###
.......#


You could see Menkaure (fast).

Vanquished Creatures
  A water moccasin (D:5)
  A black bear (D:5)
  A centaur (D:5)
  A lemure (D:5)
  2 phantoms (D:4)
  2 scorpions (D:4)
  2 hounds
  A jelly (D:4)
  An orc wizard (D:3)
  A scorpion zombie (D:3)
  4 gnolls (D:4)
  8 adders
  An adder zombie (D:3)
  4 dart slugs
  5 orcs
  9 endoplasms
  3 giant cockroaches
  7 goblins
  4 hobgoblins
  7 jackals
  A quokka (D:4)
  5 ball pythons (D:1)
  5 bats
  A frilled lizard (D:2)
  A giant cockroach zombie (D:3)
  10 kobolds
  A quokka zombie (D:3)
  5 rats
94 creatures vanquished.

Notes
Turn   | Place    | Note
-------+----------+-------------------------------------------
     0 | D:1      | capslocke the Vampire Transmuter began the quest for the
                  | Orb.
     0 | D:1      | Reached XP level 1. HP: 14/14 MP: 3/3
   293 | D:1      | Reached XP level 2. HP: 20/20 MP: 3/5
   523 | D:1      | Reached skill level 4 in Unarmed Combat
   555 | D:1      | Gained mutation: You are afflicted with vampirism and can
                  | become a bat while bloodless. [Vampire growth]
   555 | D:1      | Reached XP level 3. HP: 25/25 MP: 4/6
   998 | D:2      | Reached skill level 1 in Fighting
  1343 | D:2      | Found a shadowy altar of Dithmenos.
  1348 | D:2      | Reached skill level 1 in Stealth
  1494 | D:2      | Reached XP level 4. HP: 32/32 MP: 5/7
  1527 | D:2      | Learned a level 2 spell: Wereblood
  1686 | D:3      | Found a faded altar of an unknown god.
  1754 | D:3      | Found Nuehuf's Assorted Antiques.
  1787 | D:3      | Found a basalt altar of Yredelemnul.
  2215 | D:3      | Reached XP level 5. HP: 12/37 MP: 6/9
  2423 | D:4      | Found an opulent altar of Gozag.
  2484 | D:4      | Reached skill level 5 in Unarmed Combat
  2756 | D:4      | Noticed a phantom
  2764 | D:4      | Killed a phantom
  2765 | D:4      | Reached skill level 1 in Shields
  2765 | D:4      | Reached XP level 6. HP: 36/43 MP: 8/10
  2893 | D:4      | Reached skill level 6 in Unarmed Combat
  3001 | D:4      | Reached XP level 7. HP: 44/48 MP: 8/11
  3260 | D:4      | Found Gozag's Platinum Reserve.
  3375 | D:5      | Entered Level 5 of the Dungeon
  3490 | D:5      | Noticed Pikel
  3559 | D:5      | HP: 2/48 [Pikel/+1 whip of electrocution (11)]
  3794 | D:5      | Noticed Menkaure
  3815 | D:5      | Slain by Menkaure

Illustrated notes

Levels and vault maps discovered:
D:1:      dpeg_arrival_arbitrary_b, layout_basic
D:2:      kennysheep_big_flooded_room, layout_rooms, basic_altar
D:3:      layout_loops_ring, nicolae_yredelemnul_corpse_copse, serial_shops,
          shop, dreamdust_ecumenical_altar_grove
D:4:      layout_gridville, nicolae_gozag_zags_fifth_avenue,
          kennysheep_small_circle
D:5:      layout_loops_corners, uniq_ijyb, uniq_menkaure, uniq_pikel

Skill      XL: |  1  2  3  4  5  6  7 |
---------------+----------------------+-----
Unarmed Combat | 4 5 6 |  6.7
Fighting       | 1 |  1.7
Stealth        | 1 2 3 |  3.4
Transmutations | 3 4 |  4.6
Dodging        | 3 |  3.8
Shields        | 1 |  1.3
Spellcasting   | 3 |  3.6
Evocations     | |  0.3

Action                   |  1- 3 |  4- 6 |  7- 9 || total
-------------------------+-------+-------+-------++-------
Melee: Unarmed           |   107 |   170 |    45 ||   322
       Kick              |    24 |    30 |    13 ||    67
       Headbutt          |    13 |    15 |     9 ||    37
       Bite              |    11 |    21 |     9 ||    41
 Cast: Beastly Appendage |    25 |    18 |     6 ||    49
       Wereblood         |       |     4 |     1 ||     5
Evoke: Wand              |       |     1 |     1 ||     2
  Use: Potion            |     1 |       |       ||     1
 Stab: Sleeping          |     3 |     3 |     1 ||     7
Armor: Robe              |    14 |    23 |     6 ||    43
Dodge: Dodged            |    54 |    88 |    24 ||   166
Block: Buckler           |     9 |    27 |     2 ||    38

Table legend: (Time is in decaauts)
 A = Elapsed time spent in this place.
 B = Non-inter-level travel time spent in this place.
 C = Inter-level travel time spent in this place.
 D = Time resting spent in this place.
 E = Time spent auto-exploring this place.
 F = Levels seen in this place.
 G = Mean time per level.
                   A        B        C        D        E       F      G
               +--------+--------+--------+--------+--------+-----+--------+
         Total |   3800 |   3713 |     87 |    427 |   2360 |   5 |  760.0 |
       Dungeon |   3800 |   3713 |     87 |    427 |   2360 |   5 |  760.0 |
               +--------+--------+--------+--------+--------+-----+--------+

Top non-repeatable levels by time:
     D:4: 1128 daAuts
     D:1: 983 daAuts
     D:3: 851 daAuts
     D:2: 567 daAuts
     D:5: 270 daAuts
